 Dungeon Crawl Stone Soup version 0.30-a0-134-gb40fab5c76 (webtiles) character file.

Game seed: 6266919086968296384

240 flotson the Sneak (level 5, -1/42 HPs)
             Began as a Demonspawn Delver on Sept 19, 2022.
             Killed by nerve-wracking pain
             ... invoked by Grinder
              (9 damage)
             ... on level 3 of the Dungeon.
             The game lasted 00:10:00 (2970 turns).

flotson the Sneak (Demonspawn Delver)               Turns: 2970, Time: 00:10:01

Health: -1/42      AC: 11    Str: 14    XL:     5   Next: 79%
Magic:  5/5        EV: 12    Int: 15    God:
Gold:   72         SH:  5    Dex: 14    Spells: 4/4 levels left

rFire   . . .      SeeInvis .    a - +0 spear (freeze)
rCold   . . .      Faith    .    (no shield)
rNeg    . . .      Spirit   .    x - +0 scale mail
rPois   .          Reflect  +    d - +1 helmet
rElec   .          Harm     .    (no cloak)
rCorr   .          Rampage  .    (no gloves)
Will    .....                    i - +2 pair of boots of the Cockroach {Regen+ Int+3}
Stlth   +.........               f - amulet of reflection
HPRegen 0.94/turn                (no ring)
MPRegen 0.09/turn                (no ring)

@: no status effects
A: repulsion field 1, demonic magic 2
a: no special abilities


You were on level 3 of the Dungeon.
You visited 1 branch of the dungeon, and saw 5 of its levels.

You collected 108 gold pieces.
You spent 36 gold pieces at shops.

Inventory:

Hand Weapons
 a - a +0 spear of freezing (weapon)
 b - a +0 sling
Armour
 d - a +1 helmet (worn)
 i - the +2 pair of boots of the Cockroach (worn) {Regen+ Int+3}
   (You found it on level 2 of the Dungeon)

   Int:       It affects your intelligence (+3).
   Regen:     It increases your rate of health regeneration.
 x - a +0 scale mail (worn)
 z - a +0 leather armour
Jewellery
 f - an amulet of reflection (around neck)
Wands
 g - a wand of digging (3)
Scrolls
 c - a scroll of fog
 e - 4 scrolls of fear
 h - a scroll of poison {unknown}
 m - a scroll of amnesia {unknown}
 p - 3 scrolls of enchant weapon {unknown}
 q - a scroll of torment {unknown}
 r - a scroll of teleportation {unknown}
 s - 3 scrolls of identify
 t - 2 scrolls of magic mapping
 w - 2 scrolls of blinking {unknown}
 y - a scroll of vulnerability {unknown}
Potions
 o - a potion of attraction


   Skills:
 + Level 3.8 Fighting
 + Level 2.7 Axes
 + Level 0.6 Ranged Weapons
 + Level 1.4 Throwing
 + Level 1.8 Armour
 + Level 2.7 Dodging
 - Level 4.5 Stealth
 + Level 2.0 Evocations


You had 4 spell levels left.
You didn't know any spells.
Your spell library contained the following spells:

 Spells                   Type           Power      Damage    Failure   Level
 Apportation              Tloc           0%         N/A       75%         1
 Ensorcelled Hibernation  Hex/Ice        0%         N/A       86%         2
 Static Discharge         Conj/Air       0%         2-2/arc   86%         2
 Ignite Poison            Fire/Tmut/Pois 0%         N/A       98%         3
 Mephitic Cloud           Conj/Pois/Air  0%         N/A       98%         3
 Spider Form              Tmut/Pois      0%         N/A       98%         3
 Anguish                  Hex/Necr       0%         N/A       100%        4
 Dispel Undead            Necr           0%         3d6       100%        4
 Sticky Flame             Conj/Fire      0%         2d3       100%        4
 Alistair's Intoxication  Tmut/Pois      0%         N/A       100%        5
 Freezing Cloud           Conj/Ice/Air   0%         6-21      100%        5
 Summon Forest            Summ/Tloc      0%         N/A       100%        5
 Eringya's Noxious Bog    Tmut/Pois      0%         N/A       100%        6
 Summon Hydra             Summ           0%         N/A       100%        7


Dungeon Overview and Level Annotations

Branches:
Dungeon (5/15)
 Temple: D:4-7

Altars:

Shops:
D:2 ?(?!   D:3 [(:*

Annotations:
D:3 3 runed translucent doors, Grinder; fingers's ghost, amateur FoHu


Innate Abilities, Weirdness & Mutations

You are surrounded by a mild repulsion field. (EV +2)
Spells you cast may paralyse nearby enemies.


Message History

You feel magically purged.
You feel less wooden.
Your +1 helmet unmelds from your body.
The +2 pair of boots of the Cockroach {Regen+ Int+3} unmelds from your body.
Your +0 scale mail unmelds from your body.
Grinder blinks!
Grinder is attracted toward you.
You feel less attractive to monsters.
It was a potion of curing.
You feel better.
You hit Grinder but do no damage.
Grinder is severely wounded.
Grinder hits you but does no damage.
You closely miss Grinder.
Grinder is severely wounded.
Grinder hits you.
* * * LOW HITPOINT WARNING * * *
You hit Grinder.
Grinder is severely wounded.
Grinder misses you.
You barely miss Grinder.
Grinder is severely wounded.
Grinder hits you but does no damage.
You hit Grinder.
Grinder is severely wounded.
Grinder gestures at you.
You suddenly lose the ability to move!
Grinder hits you but does no damage.
You can move again.
You hit Grinder.
Grinder is almost dead.
Grinder closely misses you.
You closely miss Grinder.
Grinder is almost dead.
Grinder hits you.
You writhe in agony.
* * * LOW HITPOINT WARNING * * *
Unknown command.
You closely miss Grinder.
Grinder is almost dead.
Grinder gestures at you. Pain shoots through your body!
You die...

#.##.#..######.#
......5.## #.#
#.##.....# #.#
#.##.#..#### #.#
#..........# #.#
####.#..##.# #.# #
#####..##.# #.# #####.#
#......##.###.####.....#
#..∩....(..((.5@.......#
#......##.##(.####.###.#
#......##.##..## #.# #
§#...........>... #.#
##..........#..##.#.#
...............# #.#
##..##.####.#.## ...
§##............. ...
§#..##.####......


You could see Grinder.

Vanquished Creatures
  An orc priest (D:3)
  Terence (D:2)
  Robin (D:3)
  4 adders (D:2)
  3 worms (D:3)
  6 dart slugs
  3 orcs
  7 ball pythons
  12 endoplasms
  A giant cockroach (D:2)
  13 goblins
  11 hobgoblins
  7 jackals (D:1)
  7 kobolds
  3 quokkas
  7 bats
  3 frilled lizards
  10 rats
100 creatures vanquished.

Vanquished Creatures (others)
  An orc wizard (D:3)
  4 toadstools (D:4)
5 creatures vanquished.

Grand Total: 105 creatures vanquished

Notes
Turn   | Place    | Note
-------+----------+-------------------------------------------
     0 | D:5      | flotson the Demonspawn Delver began the quest for the Orb.
     0 | D:5      | Reached XP level 1. HP: 18/18 MP: 1/1
     8 | D:5      | Noticed a phantom
   316 | D:3      | Found Tovvenn's Assorted Antiques.
   405 | D:3      | Gained mutation: You are surrounded by a mild repulsion
                  | field. (EV +2) [demonic ancestry]
   405 | D:3      | Reached XP level 2. HP: 24/24 MP: 2/2
   492 | D:3      | Found Daalliez's Antique Weapon Shop.
   562 | D:2      | Noticed Terence
   642 | D:2      | Identified the +2 pair of boots of the Cockroach {Regen+
                  | Int+3}
   699 | D:1      | Reached skill level 1 in Evocations
   720 | D:1      | Gained mutation: Spells you cast may paralyse adjacent
                  | enemies. [demonic ancestry]
   720 | D:1      | Reached XP level 3. HP: 29/29 MP: 3/3
   798 | D:1      | Reached skill level 1 in Armour
  1441 | D:2      | Killed Terence
  1442 | D:2      | Gained mutation: Spells you cast may paralyse nearby
                  | enemies. [demonic ancestry]
  1442 | D:2      | Reached XP level 4. HP: 25/35 MP: 4/4
  1555 | D:2      | Found Jemuuxeast's Weapon Shop.
  1558 | D:2      | Found Xozxifep's Magic Scroll Boutique.
  1577 | D:2      | Bought a scroll of identify for 22 gold pieces
  1624 | D:2      | Reached skill level 1 in Throwing
  1653 | D:2      | Found a faded altar of an unknown god.
  1661 | D:2      | Found Isoib's Magic Scroll Shoppe.
  1715 | D:2      | Found Ravodur's Distillery.
  1721 | D:2      | Bought a potion of degeneration for 14 gold pieces
  2144 | D:2      | Reached XP level 5. HP: 41/41 MP: 5/5
  2237 | D:3      | Noticed Robin
  2306 | D:3      | Killed Robin
  2356 | D:3      | Found a runed translucent gate.
  2382 | D:3      | Noticed fingers's ghost (amateur FoHu)
  2501 | D:3      | HP: 2/42 [orc priest/divine providence (16)]
  2613 | D:3      | Found a runed translucent gate.
  2613 | D:3      | Found a runed translucent gate.
  2629 | D:3      | Found Heufuko's Antique Armour Emporium.
  2777 | D:3      | Found Joejijo's Book Emporium.
  2822 | D:3      | Noticed Grinder
  2829 | D:3      | Paralysed by Grinder for 4 turns
  2893 | D:3      | Paralysed by Grinder for 4 turns
  2905 | D:3      | Paralysed by Grinder for 2 turns
  2925 | D:3      | Paralysed by Grinder for 5 turns
  2933 | D:3      | Paralysed by Grinder for 5 turns
  2945 | D:3      | HP: 1/42 [Grinder (6)]
  2959 | D:3      | HP: 1/63 [Grinder (6)]
  2966 | D:3      | Paralysed by Grinder for 2 turns
  2970 | D:3      | Killed from afar by Grinder

Illustrated notes

Levels and vault maps discovered:
D:1:      roderic_dead_forest, layout_loops_cross, serial_bayou_crossing
D:2:      minmay_razor_zed, layout_loops_ring,
          ebering_ecumenical_altar_sacrificial, serial_shops, shop,
          nicolae_shop_bloodbath_and_beyond, nicolae_shop_window_shopping, shop,
          kennysheep_generic_room_16, uniq_terence
D:3:      layout_basic, nicolae_qazlal_eye_of_the_storm, serial_shops, shop,
          shop, shop, shop_statue, biasface_ghost_orc_armoury,
          minmay_fountain_box, uniq_robin, uniq_grinder
D:4:      cheibrodos_fertilizer, layout_rooms, grunt_temple_overflow_bloody_war,
          amcnicky_altar_gilded
D:5:      layout_loops_ring, mainiacjoe_overflow_brackets, serial_shops,
          nicolae_stop_n_shop_1, uniq_sigmund, uniq_menkaure, uniq_pikel

Skill      XL: |  1  2  3  4  5 |
---------------+----------------+-----
Dodging        | 2 |  2.7
Axes           | 2 |  2.7
Evocations     | 1 2 |  2.0
Armour         | 1 |  1.8
Throwing       | 1 |  1.4
Fighting       | |  3.8
Ranged Weapons | |  0.6
Stealth        | |  4.5

Action                   |  1- 3 |  4- 6 || total
-------------------------+-------+-------++-------
Melee: Hand axe          |    19 |       ||    19
       Flail             |    78 |       ||    78
       Spear             |    29 |   245 ||   274
       Punch             |       |     2 ||     2
 Fire: Sling             |       |    47 ||    47
Throw: Javelin           |       |     5 ||     5
       Dart              |       |     4 ||     4
  Use: Potion            |     1 |     5 ||     6
       Scroll            |     1 |     1 ||     2
 Stab: Sleeping          |    12 |     3 ||    15
Armor: Leather armour    |    26 |       ||    26
       Scale mail        |       |    68 ||    68
       Skin              |       |     7 ||     7
Dodge: Dodged            |    77 |    97 ||   174
Block: Other             |    29 |    36 ||    65
       Reflection        |       |     3 ||     3

Table legend: (Time is in decaauts)
 A = Elapsed time spent in this place.
 B = Non-inter-level travel time spent in this place.
 C = Inter-level travel time spent in this place.
 D = Time resting spent in this place.
 E = Time spent auto-exploring this place.
 F = Levels seen in this place.
 G = Mean time per level.
                   A        B        C        D        E       F      G
               +--------+--------+--------+--------+--------+-----+--------+
         Total |   3028 |   2946 |     82 |     58 |   1918 |   5 |  605.6 |
       Dungeon |   3028 |   2946 |     82 |     58 |   1918 |   5 |  605.6 |
               +--------+--------+--------+--------+--------+-----+--------+

Top non-repeatable levels by time:
     D:3: 1117 daAuts
     D:2: 897 daAuts
     D:1: 714 daAuts
     D:4: 259 daAuts
     D:5: 40 daAuts
